 Dungeon Crawl Stone Soup version 0.30-a0-578-gdee14c521f (webtiles) character file.

Game seed: 13027726239271370771

283 Zonian the Sneak (level 6, -2/32 HPs)
             Began as a Vine Stalker Brigand on Dec 31, 2022.
             Slain by a gnoll
             ... wielding a +0 halberd
              (8 damage)
             ... on level 4 of the Dungeon.
             The game lasted 00:04:26 (2733 turns).

Zonian the Sneak (Vine Stalker Brigand)             Turns: 2733, Time: 00:04:27

Health: -2/32      AC:  4    Str: 13    XL:     6   Next: 28%
Magic:  0/16       EV: 13    Int: 11    God:
Gold:   241        SH:  0    Dex: 18    Spells: 5/5 levels left

rFire   x . .      SeeInvis .    s - +2 short sword (freeze)
rCold   + . .      Faith    .    (no shield)
rNeg    . . .      Spirit   +    b - +1 robe
rPois   .          Reflect  .    (no helmet)
rElec   .          Harm     .    c - +0 cloak
rCorr   .          Rampage  .    (no gloves)
Will    .....                    (no boots)
Stlth   +++                      (no amulet)
HPRegen 1.05/turn                k - ring of magical power
MPRegen 0.15/turn                x - ring of ice

@: no status effects
A: fangs 2, regeneration 1, magic shield, antimagic bite, no potion heal 2
a: no special abilities


You were on level 4 of the Dungeon.
You visited 1 branch of the dungeon, and saw 4 of its levels.

You collected 241 gold pieces.

Inventory:

Hand Weapons
 a - a +2 dagger
 i - a +0 dagger
 l - a +1 sling of flaming
 s - a +2 short sword of freezing (weapon)
Missiles
 d - 16 poisoned darts (quivered)
 e - 3 curare-tipped darts
 h - 6 javelins
 u - 4 boomerangs
Armour
 b - a +1 robe (worn)
 c - a +0 cloak (worn)
Jewellery
 k - a ring of magical power (left hand)
 x - a ring of ice (right hand)
Wands
 w - a wand of digging (4)
Scrolls
 p - a scroll of silence
 t - a scroll of teleportation
Potions
 f - a potion of flight {unknown}
 g - 2 potions of curing {unknown}
 m - a potion of cancellation {unknown}
 n - 4 potions of heal wounds
 o - 2 potions of ambrosia {unknown}
 v - a potion of might {unknown}
 z - a potion of lignification {unknown}
 A - a potion of degeneration {unknown}


   Skills:
 + Level 3.0 Fighting
 + Level 3.0 Short Blades
 + Level 2.9 Throwing
 + Level 2.3 Dodging
 + Level 6.0 Stealth


You had 5 spell levels left.
You didn't know any spells.
Your spell library contained the following spells:

 Spells                   Type           Power      Damage    Failure   Level
 Magic Dart               Conj           0%         1d3       34%         1
 Call Imp                 Summ           0%         N/A       47%         2
 Mephitic Cloud           Conj/Pois/Air  0%         N/A       71%         3
 Ozocubu's Armour         Ice            0%         N/A       71%         3
 Metabolic Englaciation   Hex/Ice        0%         N/A       100%        5
 Simulacrum               Ice/Necr       0%         N/A       100%        6


Dungeon Overview and Level Annotations

Branches:
Dungeon (4/15)
 Temple: D:4-7

Altars:

Annotations:
D:3 3 runed translucent doors, Shayle's ghost, weakling TeRe; bande's ghost, amateur GrFi; lunkers's ghost, weakling MeRe


Innate Abilities, Weirdness & Mutations

You have extremely sharp teeth.
Your natural rate of healing is unusually fast.
When hurt, damage is shared between your health and your magic reserves.
Your bite disrupts and absorbs the magic of your enemies.
Potions cannot restore your health.


Message History

Things that are here:
a +0 flail; a +0 scale mail; a scroll labelled MALOXZIMUE You barely miss the gnoll.
The gnoll is severely wounded.
You hit the gnoll. You freeze the gnoll.
You kill the gnoll!
The gnoll completely misses you.
Your Stealth skill increases to level 6!
The gnoll barely misses you. The gnoll hits you with a +0 spear.
Things that are here:
a +0 spear; a +0 robe; a gnoll corpse You closely miss the gnoll.
The gnoll hits you from afar with a +0 halberd!
The gnoll hits you with a +0 spear.
You are too injured to fight recklessly!
You are too injured to fight recklessly!
You are too injured to fight recklessly!
You hit the gnoll. You freeze the gnoll. You bite the gnoll.
You drain its power.
You feel invigorated.
The gnoll is almost dead.
The gnoll misses you. The gnoll hits you with a +0 spear!
You hit the gnoll. You freeze the gnoll.
You kill the gnoll!
The gnoll hits you from afar with a +0 halberd!
* * * LOW HITPOINT WARNING * * *
Your Short Blades skill increases to level 3!
Unknown command.
Okay, then.
Okay, then.
Okay, then.
Things that are here:
a +0 flail; a +0 scale mail; a scroll labelled MALOXZIMUE The gnoll closely misses you.
Things that are here:
a +0 spear; a +0 robe; a gnoll corpse You barely miss the gnoll.
You bite the gnoll. You drain its power.
You feel invigorated.
The gnoll is lightly wounded.
The gnoll hits you with a +0 halberd!
You die...

####### #.###.# ......#
##### ##.#)##
.####.#####...# #.#.#.#
.# #....##...# ##.#.##
<# ####.##...# ##
#.###.# ##### #.##...#
..# ##.#.## ....#
#.##...# ...# #.#.#.#
###.####.##...####....#
##.#.## #
...............)@gw...#
#.###.# #
..#.####......####....#
##.#.## # #.#.#
#####.## ...# #.#.#.# #
....# #.# ..# ##.#.## #
....# ..# ## #.###.# #
....# #### ##.#.## #
....# #.#.#.# # ....#
##.#.## # ....# #.###.#
#


You could see a worm and a gnoll.

Vanquished Creatures
  A scorpion (D:4)
  2 hounds (D:4)
  7 adders
  3 gnolls (D:4)
  2 worms
  A dart slug (D:4)
  5 ball pythons
  7 endoplasms
  6 giant cockroaches
  2 goblins
  4 hobgoblins
  6 jackals (D:1)
  2 quokkas
  7 bats
  2 frilled lizards
  7 kobolds
  4 rats
68 creatures vanquished.

Notes
Turn   | Place    | Note
-------+----------+-------------------------------------------
     0 | D:1      | Zonian the Vine Stalker Brigand began the quest for the
                  | Orb.
     0 | D:1      | Reached XP level 1. HP: 11/11 MP: 2/2
    74 | D:1      | Reached skill level 1 in Dodging
    74 | D:1      | Reached XP level 2. HP: 15/15 MP: 3/3
    78 | D:1      | Reached skill level 5 in Stealth
   552 | D:1      | Reached XP level 3. HP: 18/18 MP: 4/4
  1262 | D:2      | Gained mutation: Your natural rate of healing is unusually
                  | fast. [Vine Stalker growth]
  1262 | D:2      | Reached XP level 4. HP: 23/23 MP: 5/5
  1596 | D:3      | Reached XP level 5. HP: 27/27 MP: 6/6
  1833 | D:3      | Found a runed translucent gate.
  1834 | D:3      | Found a runed translucent gate.
  1836 | D:3      | Found a runed translucent gate.
  1837 | D:3      | Noticed lunkers's ghost (weakling MeRe)
  1837 | D:3      | Noticed Shayle's ghost (weakling TeRe)
  1837 | D:3      | Noticed bande's ghost (amateur GrFi)
  2163 | D:4      | Reached XP level 6. HP: 32/32 MP: 7/7
  2727 | D:4      | Reached skill level 6 in Stealth
  2733 | D:4      | Slain by a gnoll

Illustrated notes

Levels and vault maps discovered:
D:1:      sevenhm_arrival_forest_fort_small_4, layout_basic,
          serial_co_window_serial, co_window_corner_a, co_window_paths_a,
          co_window_of_opportunity_a, co_window_paths_b,
          co_window_of_opportunity_a, co_window_corner_a,
          co_window_unsneaky_path_b, co_window_of_opportunity_c,
          co_window_unsneaky_path_a, co_window_2corner,
          co_window_of_opportunity_c, co_window_paths_e
D:2:      layout_rooms
D:3:      layout_rooms, gammafunk_ghost_cemetery, minmay_joined_circles
D:4:      layout_basic, corexii_mini_fake_secret_closet, roderic_roman_lattice

Skill      XL: |  1  2  3  4  5  6 |
---------------+-------------------+-----
Dodging        | 1 2 |  2.3
Fighting       | 2 3 |  3.0
Stealth        | 5 6 |  6.0
Short Blades   | 2 3 |  3.0
Throwing       | 2 |  2.9

Action                   |  1- 3 |  4- 6 || total
-------------------------+-------+-------++-------
Melee: Dagger            |    83 |     6 ||    89
       Bite              |    15 |    17 ||    32
       Punch             |     1 |     2 ||     3
       Short sword       |       |    62 ||    62
 Fire: Sling             |    20 |    40 ||    60
  Use: Scroll            |       |     7 ||     7
 Stab: Sleeping          |     2 |     3 ||     5
Armor: Robe              |    22 |    31 ||    53
Dodge: Dodged            |    47 |    73 ||   120

Table legend: (Time is in decaauts)
 A = Elapsed time spent in this place.
 B = Non-inter-level travel time spent in this place.
 C = Inter-level travel time spent in this place.
 D = Time resting spent in this place.
 E = Time spent auto-exploring this place.
 F = Levels seen in this place.
 G = Mean time per level.
                   A        B        C        D        E       F      G
               +--------+--------+--------+--------+--------+-----+--------+
         Total |   2741 |   2679 |     62 |    132 |   1998 |   4 |  685.2 |
       Dungeon |   2741 |   2679 |     62 |    132 |   1998 |   4 |  685.2 |
               +--------+--------+--------+--------+--------+-----+--------+

Top non-repeatable levels by time:
     D:1: 1032 daAuts
     D:4: 732 daAuts
     D:3: 573 daAuts
     D:2: 403 daAuts
